 Dungeon Crawl Stone Soup version 0.19-a0-1341-g3513869 (webtiles) character file.

3402 JustSomeDude the Shield-Bearer (level 9, -13/69 HPs)
             Began as a Demonspawn Fighter on Sept 1, 2016.
             Was a Priest of Okawaru.
             Killed by the air
             ... invoked by Gastronok
              (36 damage)
             ... on level 8 of the Dungeon.
             The game lasted 00:18:54 (6522 turns).

JustSomeDude the Shield-Bearer (Demonspawn Fighter) Turns: 6522, Time: 00:18:55

Health: -13/69     AC: 15    Str: 23    XL:     9   Next: 75%
Magic:  0/11       EV: 16    Int:  9    God:    Okawaru [***...]
Gold:   492        SH: 13    Dex: 10    Spells: 0 memorised, 8 levels left

rFire  + . .     SeeInvis .     K - +2 spear
rCold  + . .     Gourm    .     b - +0 scale mail
rNeg   . . .     Faith    .     y - +1 shield {rF+}
rPois  .         Spirit   +     (helmet restricted)
rElec  .         Dismiss  .     E - +2 cloak
rCorr  .         Reflect  .     C - +0 pair of gloves
MR     +....     Harm     .     (boots unavailable)
Stlth  ++........               g - amulet of guardian spirit
                                B - -2 ring of dexterity (curse)
                                x - ring of protection from cold

@: heroism, slowed, very slow
A: beak, talons 3, repulsion field 1, blurry vision 1, deterioration 1, high mp
1, magic resistance 1, powered by death 1, shaggy fur 1, spiny 1, strong 1
a: Heroism, Renounce Religion


You were on level 8 of the Dungeon.
You worshipped Okawaru.
Okawaru was most pleased with you.
You were very hungry.

You visited 1 branch of the dungeon, and saw 8 of its levels.

You collected 492 gold pieces.

Inventory:

Hand Weapons
 K - a +2 spear (weapon)
Armour
 b - a +0 scale mail (worn)
 c - a +1 shield
 e - a +0 cloak
 y - a +1 shield of fire resistance (worn)
 C - a +0 pair of gloves (worn)
 E - a +2 cloak (worn)
Jewellery
 g - an amulet of guardian spirit (around neck)
 x - a ring of protection from cold (left hand)
 B - a cursed -2 ring of dexterity (right hand)
Wands
 a - a wand of flame (25/48)
 m - a wand of lightning (11/15)
 I - a wand of flame (13/48)
 J - a wand of paralysis (18/24)
Scrolls
 j - a scroll of fog
 o - 2 scrolls of blinking
 p - a scroll of teleportation
 q - a scroll of enchant armour
 u - 6 scrolls of identify
 z - a scroll of noise
Potions
 d - 3 potions of might
 h - 5 potions of curing
 k - a potion of agility {unknown}
 s - 4 potions of lignification {unknown}
 t - 2 potions of heal wounds {unknown}
 v - 2 potions of degeneration {unknown}
 w - a potion of magic {unknown}
Comestibles
 f - 7 bread rations
 i - 5 meat rations
 l - a royal jelly
 F - 7 beef jerkies


   Skills:
 + Level 6.2(11.2) Fighting
 + Level 5.8(10.8) Polearms
 + Level 6.3(11.3) Armour
 + Level 5.1(10.1) Dodging
 + Level 2.0(7.0) Stealth
 + Level 6.6(11.6) Shields
 + Level 2.0 Invocations


You had 8 spell levels left.
You didn't know any spells.

Dungeon Overview and Level Annotations

Branches:
Dungeon (8/15)             Temple (0/1) D:4
   Lair: D:8-11

Altars:
Ashenzari
Dithmenos
Fedhas
Nemelex Xobeh
Okawaru
Ru
Trog
Uskayaw
Yredelemnul

Shops:
D:5 [(:

Annotations:
D:8 Gastronok


Innate Abilities, Weirdness & Mutations

You have claws for feet.
You are surrounded by a mild repulsion field. (EV +2)
You regenerate a little health from kills.
You are partially covered in sharp spines.
You have a beak for a mouth.
Scrolls take you a little longer to read.
Your body sometimes deteriorates upon taking damage.
You have an increased reservoir of magic. (+10% MP)
You are resistant to hostile enchantments. (MR+)
You are covered in fur. (AC +1)
Your muscles are strong. (Str +2)


Message History

Gastronok is almost dead.
Gastronok bites you!!
* * * LOW HITPOINT WARNING * * *
You are too injured to fight recklessly!
You are too injured to fight recklessly!
You are too injured to fight recklessly!
You are too injured to fight recklessly!
You are too injured to fight recklessly!
You are too injured to fight recklessly!
You are too injured to fight recklessly!
You are too injured to fight recklessly!
You are too injured to fight recklessly!
You feel better.
Gastronok chants a spell, wobbling all the while.
Your skin takes on a slight green cast.
You gain the combat prowess of a mighty hero.
Gastronok waves his eye-stalks in wide circles.
The air twists around and strikes you!
Ouch! That really hurt!
You die...

##.##.# ##### #..#.#
##... ##.#.# #...#
#.###.#.# #...#
#....<.(#
######...#########..#
..$.................#
#######.#########..)#
#..rw@....#...#
########....#>#
########


You could see Gastronok and a rat.

Vanquished Creatures
  Grinder (D:4)
  A hippogriff (D:7)
  A hungry ghost (D:8)
  4 sky beasts
  An ice beast (D:6)
  A wasp (D:8)
  A necrophage (D:8)
  4 ogres
  2 centaurs
  A big kobold (D:7)
  Blork the orc (D:6)
  2 giant frogs
  A water moccasin zombie (D:7)
  A jelly (D:4)
  A scorpion (D:7)
  3 wights (D:7)
  A howler monkey (D:4)
  4 crimson imps
  A wasp zombie (D:6)
  3 hounds
  An orc priest (D:6)
  A giant frog skeleton (D:7)
  A giant frog zombie (D:5)
  10 orc wizards
  A gnoll shaman (D:8)
  A centaur skeleton (D:4)
  An iguana (D:7)
  Terence (D:3)
  Natasha (thrice) (D:2)
  A worker ant (D:6)
  2 hound skeletons
  13 gnolls
  9 adders
  An ooze (D:1)
  2 adder zombies
  6 worms
  A dart slug (D:3)
  3 giant geckos
  26 orcs
  2 giant cockroaches
  10 goblins
  8 hobgoblins
  15 jackals
  13 kobolds
  3 quokkas
  4 ball pythons (D:5)
  4 bats
  6 giant newts
  7 rats
191 creatures vanquished.

Notes
Turn   | Place    | Note
-------+----------+-------------------------------------------
     0 | D:1      | JustSomeDude the Demonspawn Fighter began the quest for the Orb.
     0 | D:1      | Reached XP level 1. HP: 18/18 MP: 1/1
    97 | D:1      | Gained mutation: You are surrounded by a mild repulsion field. (EV +2) [demonic ancestry]
    97 | D:1      | Reached XP level 2. HP: 20/24 MP: 2/2
   377 | D:1      | Gained mutation: You have sharp toenails. [demonic ancestry]
   377 | D:1      | Reached XP level 3. HP: 17/29 MP: 3/3
   498 | D:1      | Reached skill level 1 in Dodging
   900 | D:2      | Noticed Natasha
   913 | D:2      | Killed Natasha
   913 | D:2      | Reached XP level 4. HP: 27/35 MP: 4/4
  1009 | D:2      | Found a bloodstained altar of Trog.
  1012 | D:2      | Noticed Natasha
  1027 | D:2      | Killed Natasha
  1035 | D:2      | Noticed Natasha
  1035 | D:2      | Found an iron altar of Okawaru.
  1058 | D:2      | Killed Natasha
  1058 | D:2      | Gained mutation: You are partially covered in sharp spines. [demonic ancestry]
  1058 | D:2      | Reached XP level 5. HP: 6/41 MP: 1/5
  1069 | D:2      | Became a worshipper of Warmaster Okawaru
  1406 | D:2      | Found a sparkling altar of Nemelex Xobeh.
  1679 | D:2      | Found a shattered altar of Ashenzari.
  1979 | D:3      | Noticed Terence
  1992 | D:3      | Killed Terence
  2323 | D:3      | Gained mutation: You have razor-sharp toenails. [demonic ancestry]
  2323 | D:3      | Reached XP level 6. HP: 37/48 MP: 4/6
  2530 | D:4      | Noticed Grinder
  2534 | D:4      | Paralysed by Grinder for 7 turns
  2560 | D:4      | Killed Grinder
  2560 | D:4      | Reached * piety under Okawaru
  2560 | D:4      | Reached skill level 1 in Stealth
  2580 | D:4      | Reached XP level 7. HP: 33/54 MP: 7/7
  2794 | D:4      | Found a blossoming altar of Fedhas.
  2819 | D:4      | Found a staircase to the Ecumenical Temple.
  3100 | D:5      | Entered Level 5 of the Dungeon
  3129 | D:5      | Found Posief's Book Shop.
  3183 | D:5      | Reached ** piety under Okawaru
  3183 | D:5      | Reached skill level 5 in Fighting
  3230 | D:5      | Gained mutation: You regenerate a little health from kills. [demonic ancestry]
  3230 | D:5      | Reached XP level 8. HP: 57/62 MP: 8/8
  3269 | D:5      | Found Dipsulitee's Armour Shoppe.
  3318 | D:5      | Gained mutation: Your body sometimes deteriorates upon taking damage. [mutagenic meat]
  3321 | D:5      | Gained mutation: You are resistant to hostile enchantments. (MR+) [mutagenic meat]
  3327 | D:5      | Lost mutation: Your body sometimes deteriorates upon taking damage. [mutagenic meat]
  3330 | D:5      | Gained mutation: You have a beak for a mouth. [mutagenic meat]
  3438 | D:5      | Found Jeits's Weapon Shop.
  3697 | D:6      | Reached skill level 5 in Armour
  3841 | D:6      | Noticed Blork the orc
  3861 | D:6      | Killed Blork the orc
  3861 | D:6      | Reached skill level 5 in Shields
  4083 | D:6      | Gained mutation: You are covered in fur. (AC +1) [mutagenic meat]
  4086 | D:6      | Gained mutation: Your body sometimes deteriorates upon taking damage. [mutagenic meat]
  4092 | D:6      | Gained mutation: You have an increased reservoir of magic. (+10% MP) [mutagenic meat]
  4095 | D:6      | Gained mutation: Your muscles are strong. (Str +2) [mutagenic meat]
  4098 | D:6      | Gained mutation: Scrolls take you a little longer to read. [mutagenic meat]
  4653 | D:7      | Reached skill level 1 in Invocations
  4731 | D:7      | Found a shadowy altar of Dithmenos.
  4912 | D:7      | Reached *** piety under Okawaru
  4912 | D:7      | Gained mutation: You have claws for feet. [demonic ancestry]
  4912 | D:7      | Reached XP level 9. HP: 69/69 MP: 10/10
  5057 | D:7      | Reached skill level 5 in Polearms
  5953 | D:8      | Found a hide-covered altar of Uskayaw.
  5955 | D:8      | Found a sacrificial altar of Ru.
  6041 | D:8      | Reached skill level 5 in Dodging
  6161 | D:8      | Found a basalt altar of Yredelemnul.
  6472 | D:8      | Noticed Gastronok
  6481 | D:8      | Reached **** piety under Okawaru
  6522 | D:8      | Killed from afar by Gastronok

Vault maps used:
D:1:      dpeg_arrival_leaves_temple_mockup
D:2:      grunt_temple_overflow_open, lemuel_doored_altar,
          nemelex_xobeh_ov_fountains_minmay, uniq_natasha
D:3:      uniq_terence
D:4:      kennysheep_mini, serial_bayou, serial_bayou_pond_e,
          serial_bayou_ford_a, serial_bayou_crossing, serial_bayou_lagoon_a,
          first_bread, uniq_grinder
D:5:      serial_shops, shop, shop_statue, shop_fountains
D:6:      uniq_blork_the_orc
D:7:      nicolae_dithmenos_through_a_glass_darkly, kennysheep_generic_room_6
D:8:      nicolae_overflow_hidden_temple, serial_shops, shop, grunt_ogre_cave,
          uniq_gastronok

Skill      XL: |  1  2  3  4  5  6  7  8  9 |
---------------+----------------------------+-----
Armour         | 3 4 5 6 |  6.3
Shields        | 3 4 5 6 |  6.6
Dodging        | 1 2 3 4 5 |  5.1
Polearms       | 2 3 4 5 |  5.8
Fighting       | 4 5 6 |  6.2
Stealth        | 1 2 |  2.0
Invocations    | 1 2 |  2.0

Action                   |  1- 3 |  4- 6 |  7- 9 || total
-------------------------+-------+-------+-------++-------
Melee: Trident           |   133 |   206 |   255 ||   594
       Kick              |     8 |    45 |   140 ||   193
       Peck              |       |       |    68 ||    68
       Spear             |       |       |   218 ||   218
Invok: Heroism           |       |       |     9 ||     9
  Use: Potion            |     1 |       |     1 ||     2
       Scroll            |       |       |    12 ||    12
  Eat: Chunk             |       |     6 |    24 ||    30
       Pizza             |       |       |     1 ||     1
Armor: Scale mail        |    47 |    37 |    90 ||   174
Dodge: Dodged            |    34 |    70 |   113 ||   217
Block: Shield            |    52 |    72 |   190 ||   314
